TOP OF THE 1ST |
Grim Reapers batting - Pitching for Delaware 1787 BC : LHP José Cotilla
|
Pitching: LHP José Cotilla
|
|
Batting: SHB Cash Masters
|
0-0: Ball 1-0: Ball 2-0: Foul Ball, location: 2F 2-1: Foul Ball, location: 2F 2-2: Strikes out swinging
|
Batting: RHB Milos Jaksch
|
0-0: Called Strike 0-1: Ball 1-1: Ball 2-1: Foul Ball, location: 2F 2-2: Foul Ball, location: 2F 2-2: Strikes out looking
|
Batting: RHB Yoshi Kouda
|
0-0: Called Strike 0-1: Foul Ball, location: 2F 0-2: SINGLE (Groundball, 6MS) (infield hit)
|
Batting: RHB Guillermo Mata
|
0-0: Ball 1-0: Called Strike 1-1: Foul Ball, location: 2F 1-2: Ball Yoshi Kouda steals 2nd base 2-2: SINGLE (Groundball, 56D) Yoshi Kouda to third Runner from 3rd tries for Home, SAFE, no throw
|
Batting: RHB Colby King
|
0-0: Called Strike 0-1: Ball 1-1: Ball 2-1: 2-RUN HOME RUN (Flyball, 7LD), Distance : 339 ft
|
Batting: RHB Mason Congdon
|
0-0: Ball 1-0: Foul Ball, location: 2F 1-1: Ball 2-1: Called Strike 2-2: Ground out 6-3 (Groundball, 6M)
|
Top of the 1st over - 3 runs, 3 hits, 0 errors, 0 left on base; Grim 3 - Delaware 0 |
BOTTOM OF THE 1ST |
Delaware 1787 BC batting - Pitching for Grim Reapers : RHP Johnnie Bough
|
Pitching: RHP Johnnie Bough
|
|
Batting: RHB Jesús Guzmán
|
0-0: Ball 1-0: Swinging Strike 1-1: Ball 2-1: Foul Ball, location: 2F 2-2: Foul Ball, location: 2F 2-2: Strikes out swinging
|
Batting: RHB John Willoughby
|
0-0: SINGLE (Flyball, 7S)
|
Batting: LHB Ramón Garmendia
|
0-0: Ball 1-0: Ball 2-0: Grounds into double play, 6-4-3 (Groundball, 6)
|
Bottom of the 1st over - 0 runs, 1 hit, 0 errors, 0 left on base; Grim 3 - Delaware 0 |
TOP OF THE 2ND |
Grim Reapers batting - Pitching for Delaware 1787 BC : LHP José Cotilla
|
Batting: LHB Kei-thing Zhang
|
0-0: Ball 1-0: Fly out, F7 (Flyball, 7)
|
Batting: RHB Dolla Head
|
0-0: Ball 1-0: SINGLE (Line Drive, 34D)
|
Batting: RHB Huai-yi Yang
|
0-0: Called Strike 0-1: Ball 1-1: Called Strike 1-2: Ball 2-2: Strikes out swinging
|
Batting: SHB Cash Masters
|
0-0: Ball 1-0: Foul Ball, location: 2F 1-1: Ball Wild Pitch! Dolla Head to second 2-1: Ball 3-1: Ground out 4-3 (Groundball, 4M)
|
Top of the 2nd over - 0 runs, 1 hit, 0 errors, 1 left on base; Grim 3 - Delaware 0 |
BOTTOM OF THE 2ND |
Delaware 1787 BC batting - Pitching for Grim Reapers : RHP Johnnie Bough
|
Batting: RHB Mikko Haataja
|
0-0: Called Strike 0-1: Ball 1-1: Ball 2-1: Ball 3-1: Called Strike 3-2: Foul Ball, location: 2F 3-2: Foul Ball, location: 2F 3-2: Foul Ball, location: 2F 3-2: Base on Balls
|
Batting: LHB Kelvin Abbott
|
0-0: Called Strike 0-1: Fly out, F4 (Line Drive, 4M)
|
Batting: RHB Tomás Cameros
|
0-0: Ball Mikko Haataja is caught stealing 2nd base 1-0: SINGLE (Groundball, 6D)
|
Batting: SHB Curt Pack
|
0-0: Ball 1-0: Ground out 4-3 (Groundball, 4)
|
Bottom of the 2nd over - 0 runs, 1 hit, 0 errors, 1 left on base; Grim 3 - Delaware 0 |
TOP OF THE 3RD |
Grim Reapers batting - Pitching for Delaware 1787 BC : LHP José Cotilla
|
Batting: RHB Milos Jaksch
|
0-0: SINGLE (Line Drive, 4MD)
|
Batting: RHB Yoshi Kouda
|
0-0: Ball 1-0: Called Strike 1-1: Ball 2-1: Ball 3-1: Called Strike 3-2: Strikes out swinging
|
Batting: RHB Guillermo Mata
|
0-0: Called Strike 0-1: Foul Ball, location: 2F 0-2: Ball 1-2: Ball 2-2: Grounds into double play, 5-4-3 (Groundball, 56)
|
Top of the 3rd over - 0 runs, 1 hit, 0 errors, 0 left on base; Grim 3 - Delaware 0 |
BOTTOM OF THE 3RD |
Delaware 1787 BC batting - Pitching for Grim Reapers : RHP Johnnie Bough
|
Batting: LHB Bryce Abood
|
0-0: Called Strike 0-1: Called Strike 0-2: Strikes out looking
|
Batting: LHB Donovan Inman
|
0-0: Called Strike 0-1: Swinging Strike 0-2: Ball 1-2: Strikes out swinging
|
Batting: RHB Jesús Guzmán
|
0-0: Ball 1-0: Called Strike 1-1: Swinging Strike 1-2: Foul Ball, location: 2F 1-2: Strikes out looking
|
Bottom of the 3rd over - 0 runs, 0 hits, 0 errors, 0 left on base; Grim 3 - Delaware 0 |
TOP OF THE 4TH |
Grim Reapers batting - Pitching for Delaware 1787 BC : LHP José Cotilla
|
Batting: RHB Colby King
|
0-0: SINGLE (Groundball, 6MD)
|
Batting: RHB Mason Congdon
|
0-0: Called Strike 0-1: SINGLE (Groundball, 6MD) Colby King to second
|
Batting: LHB Kei-thing Zhang
|
0-0: Foul Ball, location: 2F 0-1: Ball 1-1: Ball 2-1: Foul Ball, location: 2F 2-2: Strikes out swinging
|
Batting: RHB Dolla Head
|
0-0: Ball 1-0: Ball 2-0: Ball 3-0: Called Strike 3-1: Foul Ball, location: 2F 3-2: Foul Ball, location: 2F 3-2: Strikes out swinging
|
Batting: RHB Huai-yi Yang
|
0-0: Ball 1-0: Called Strike 1-1: Foul Ball, location: 2F 1-2: Strikes out looking
|
Top of the 4th over - 0 runs, 2 hits, 0 errors, 2 left on base; Grim 3 - Delaware 0 |
BOTTOM OF THE 4TH |
Delaware 1787 BC batting - Pitching for Grim Reapers : RHP Johnnie Bough
|
Batting: RHB John Willoughby
|
0-0: Fly out, F1 (Line Drive, 13)
|
Batting: LHB Ramón Garmendia
|
0-0: Ground out U3 (Groundball, 3)
|
Batting: RHB Mikko Haataja
|
0-0: Ball 1-0: Fly out, F9 (Flyball, 9)
|
Bottom of the 4th over - 0 runs, 0 hits, 0 errors, 0 left on base; Grim 3 - Delaware 0 |
TOP OF THE 5TH |
Grim Reapers batting - Pitching for Delaware 1787 BC : LHP José Cotilla
|
Batting: SHB Cash Masters
|
0-0: Ball 1-0: Ball 2-0: Foul Ball, location: 2F 2-1: Foul Ball, location: 2F 2-2: DOUBLE (Groundball, 5L)
|
Batting: RHB Milos Jaksch
|
0-0: Ground out 3-1 (Groundball, 34) Cash Masters to third
|
Batting: RHB Yoshi Kouda
|
0-0: Called Strike 0-1: Fly out, F9 (Flyball, 89D) Runner from 3rd tags up, SCORES, throw made
|
Batting: RHB Guillermo Mata
|
0-0: Ball 1-0: Ball 2-0: Foul Ball, location: 2F 2-1: SINGLE (Groundball, 56D)
|
Batting: RHB Colby King
|
0-0: Ball 1-0: Ball 2-0: Ball Wild Pitch! Guillermo Mata to second 3-0: Base on Balls
|
Batting: RHB Mason Congdon
|
0-0: Ball 1-0: Ball 2-0: Ground out 5-3 (Groundball, 56S)
|
Top of the 5th over - 1 run, 2 hits, 0 errors, 2 left on base; Grim 4 - Delaware 0 |
BOTTOM OF THE 5TH |
Delaware 1787 BC batting - Pitching for Grim Reapers : RHP Johnnie Bough
|
Batting: LHB Kelvin Abbott
|
0-0: Ball 1-0: Ball 2-0: Foul Ball, location: 2F 2-1: Fly out, F8 (Flyball, 8RD)
|
Batting: RHB Tomás Cameros
|
0-0: Ball 1-0: Foul Ball, location: 2F 1-1: Ball 2-1: Ball 3-1: Base on Balls
|
Batting: SHB Curt Pack
|
0-0: Called Strike 0-1: Ball 1-1: Called Strike 1-2: Ball 2-2: Fly out, F4 (Line Drive, 4)
|
Batting: LHB Bryce Abood
|
0-0: Ball 1-0: Foul Ball, location: 2F 1-1: Fly out, F4 (Line Drive, 34)
|
Bottom of the 5th over - 0 runs, 0 hits, 0 errors, 1 left on base; Grim 4 - Delaware 0 |
TOP OF THE 6TH |
Grim Reapers batting - Pitching for Delaware 1787 BC : LHP José Cotilla
|
Batting: LHB Kei-thing Zhang
|
0-0: Ball 1-0: Foul Ball, location: 2F 1-1: Ball 2-1: Swinging Strike 2-2: Ball 3-2: Strikes out swinging
|
Batting: RHB Dolla Head
|
0-0: Ball 1-0: Foul Ball, location: 2F 1-1: Foul Ball, location: 2F 1-2: Strikes out swinging
|
Batting: RHB Huai-yi Yang
|
0-0: Foul Ball, location: 2F 0-1: Ball 1-1: Ground out 5-3 (Groundball, 56)
|
Top of the 6th over - 0 runs, 0 hits, 0 errors, 0 left on base; Grim 4 - Delaware 0 |
BOTTOM OF THE 6TH |
Delaware 1787 BC batting - Pitching for Grim Reapers : RHP Johnnie Bough
|
Batting: LHB Donovan Inman
|
0-0: Ball 1-0: Ball 2-0: Ball 3-0: Called Strike 3-1: Foul Ball, location: 2F 3-2: Foul Ball, location: 2F 3-2: Foul Ball, location: 2F 3-2: Foul Ball, location: 2F 3-2: Foul Ball, location: 2F 3-2: Hit by Pitch
|
Batting: RHB Jesús Guzmán
|
0-0: Ball 1-0: Called Strike 1-1: Ball 2-1: Ball 3-1: Called Strike 3-2: Base on Balls Donovan Inman to second
|
Batting: RHB John Willoughby
|
0-0: Ball 1-0: Ball 2-0: Swinging Strike 2-1: Swinging Strike 2-2: Foul Ball, location: 2F 2-2: Strikes out swinging
|
Batting: LHB Ramón Garmendia
|
0-0: Fly out, F7 (Flyball, 7)
|
Batting: RHB Mikko Haataja
|
0-0: Ground out 5-3 (Groundball, 56S)
|
Bottom of the 6th over - 0 runs, 0 hits, 0 errors, 2 left on base; Grim 4 - Delaware 0 |
TOP OF THE 7TH |
Grim Reapers batting - Pitching for Delaware 1787 BC : LHP José Cotilla
|
Batting: SHB Cash Masters
|
0-0: Ball 1-0: Foul Ball, location: 2F 1-1: Called Strike 1-2: Ball 2-2: Foul Ball, location: 2F 2-2: Fly out, F8 (Flyball, 8LXD)
|
Batting: RHB Milos Jaksch
|
0-0: Foul Ball, location: 2F 0-1: Reached on error, E3 (Groundball, 34)
|
Pitching: RHP Juan Ramírez
|
|
Batting: RHB Yoshi Kouda
|
0-0: Foul Ball, location: 2F 0-1: Ball 1-1: Swinging Strike 1-2: SINGLE (Groundball, 56D) Milos Jaksch to second
|
Batting: RHB Guillermo Mata
|
0-0: Swinging Strike 0-1: Swinging Strike 0-2: Ball 1-2: Foul Ball, location: 2F 1-2: Foul Ball, location: 2F 1-2: Foul Ball, location: 2F 1-2: Fly out, F7 (Flyball, 78M)
|
Batting: RHB Colby King
|
0-0: Called Strike 0-1: Ball 1-1: Ground out 6-3 (Groundball, 6M)
|
Top of the 7th over - 0 runs, 1 hit, 1 error, 2 left on base; Grim 4 - Delaware 0 |
BOTTOM OF THE 7TH |
Delaware 1787 BC batting - Pitching for Grim Reapers : RHP Johnnie Bough
|
Batting: LHB Kelvin Abbott
|
0-0: Ball 1-0: Ball 2-0: Called Strike 2-1: Fly out, F9 (Flyball, 89S)
|
Batting: RHB Tomás Cameros
|
0-0: Called Strike 0-1: Ball 1-1: SOLO HOME RUN (Line Drive, 9LD), Distance : 326 ft
|
Batting: SHB Curt Pack
|
0-0: Called Strike 0-1: Ball 1-1: Ball 2-1: Foul Ball, location: 2F 2-2: Ball 3-2: Ground out 4-3 (Groundball, 4)
|
Batting: LHB Bryce Abood
|
0-0: Called Strike 0-1: Fly out, F9 (Line Drive, 9)
|
Bottom of the 7th over - 1 run, 1 hit, 0 errors, 0 left on base; Grim 4 - Delaware 1 |
TOP OF THE 8TH |
Grim Reapers batting - Pitching for Delaware 1787 BC : RHP Juan Ramírez
|
Batting: RHB Mason Congdon
|
0-0: Ground out 5-3 (Groundball, 5)
|
Batting: LHB Kei-thing Zhang
|
0-0: Ball 1-0: Ground out 1-3 (Groundball, P)
|
Batting: RHB Dolla Head
|
0-0: Foul Ball, location: 2F 0-1: Called Strike 0-2: Ball 1-2: Foul Ball, location: 2F 1-2: Fly out, F7 (Flyball, 78M)
|
Top of the 8th over - 0 runs, 0 hits, 0 errors, 0 left on base; Grim 4 - Delaware 1 |
BOTTOM OF THE 8TH |
Delaware 1787 BC batting - Pitching for Grim Reapers : RHP Johnnie Bough
|
Batting: LHB Donovan Inman
|
0-0: Swinging Strike 0-1: DOUBLE (Flyball, 9D)
|
Batting: RHB Jesús Guzmán
|
0-0: Ball 1-0: Ball 2-0: Ball 3-0: Called Strike 3-1: Called Strike 3-2: Foul Ball, location: 2F 3-2: Foul Ball, location: 2F 3-2: Ground out U3 (Groundball, 3) Donovan Inman to third
|
Batting: RHB John Willoughby
|
0-0: Ball 1-0: Fly out, F7 (Flyball, 7LM) Runner from 3rd tags up, SCORES, throw made
|
Batting: LHB Ramón Garmendia
|
0-0: Ground out 1-3 (Groundball, 13S)
|
Bottom of the 8th over - 1 run, 1 hit, 0 errors, 0 left on base; Grim 4 - Delaware 2 |
TOP OF THE 9TH |
Grim Reapers batting - Pitching for Delaware 1787 BC : RHP Juan Ramírez
|
Batting: RHB Huai-yi Yang
|
0-0: Ball 1-0: Called Strike 1-1: Called Strike 1-2: SINGLE (Line Drive, 6MD)
|
Batting: SHB Cash Masters
|
0-0: Ball 1-0: Bunted foul 1-1: Sac Bunt - play at first, batter OUT! 1-4 Huai-yi Yang to second
|
Batting: RHB Milos Jaksch
|
0-0: Intentional Walk
|
Batting: RHB Yoshi Kouda
|
0-0: Ball 1-0: SINGLE (Flyball, 9LM) Huai-yi Yang to third Milos Jaksch to second Runner from 3rd tries for Home, SAFE, no throw
|
Batting: RHB Guillermo Mata
|
0-0: Called Strike 0-1: Swinging Strike 0-2: Ball 1-2: Ball 2-2: Foul Ball, location: 2F 2-2: Strikes out looking
|
Batting: RHB Colby King
|
0-0: Ball 1-0: Fly out, F8 (Flyball, 8LD)
|
Top of the 9th over - 1 run, 2 hits, 0 errors, 2 left on base; Grim 5 - Delaware 2 |
BOTTOM OF THE 9TH |
Delaware 1787 BC batting - Pitching for Grim Reapers : RHP Johnnie Bough
|
Pitching: RHP Gojong Joseon
|
|
Batting: RHB Mikko Haataja
|
0-0: Ball 1-0: Ball 2-0: Called Strike 2-1: Foul Ball, location: 2F 2-2: Ball 3-2: Base on Balls
|
Batting: LHB Kelvin Abbott
|
0-0: Called Strike 0-1: Fly out, F7 (Flyball, 78S)
|
Batting: RHB Tomás Cameros
|
0-0: Ball 1-0: Ball 2-0: Ball 3-0: Foul Ball, location: 2F 3-1: Base on Balls Mikko Haataja to second
|
Batting: SHB Curt Pack
|
0-0: Ball 1-0: Ball 2-0: Ball 3-0: Base on Balls Mikko Haataja to third Tomás Cameros to second
|
Batting: LHB Bryce Abood
|
0-0: Ball 1-0: Ball 2-0: Foul Ball, location: 2F 2-1: Swinging Strike 2-2: Foul Ball, location: 2F 2-2: Fly out, F8 (Flyball, 8RXD) Runner from 3rd tags up, SCORES, no throw
|
Batting: LHB Donovan Inman
|
0-0: Foul Ball, location: 2F 0-1: Ball 1-1: Ball 2-1: Foul Ball, location: 2F 2-2: Foul Ball, location: 2F 2-2: Strikes out swinging
|
Bottom of the 9th over - 1 run, 0 hits, 0 errors, 2 left on base; Grim 5 - Delaware 3 |
|